 Dungeon Crawl Stone Soup version 0.30-a0-305-g026cb31310 (webtiles) character file.

Game seed: 1424188267161411517

84 billz999 the Trooper (level 4, 0/35 HPs)
             Began as a Demonspawn Fighter on Oct 21, 2022.
             Slain by an orc
             ... wielding a +0 vorpal flail
              (6 damage)
             ... on level 3 of the Dungeon.
             The game lasted 00:02:36 (2193 turns).

billz999 the Trooper (Demonspawn Fighter)           Turns: 2193, Time: 00:02:38

Health: 0/35       AC:  6    Str: 19    XL:     4   Next: 23%
Magic:  4/4        EV: 13    Int:  9    God:
Gold:   140        SH:  4    Dex: 12    Spells: 3/3 levels left

rFire   . . .      SeeInvis .    a - +0 war axe
rCold   . . .      Faith    .    c - +0 buckler
rNeg    . . .      Spirit   .    b - +0 scale mail
rPois   +          Reflect  .    (helmet restricted)
rElec   .          Harm     .    (no cloak)
rCorr   .          Rampage  .    (no gloves)
Will    .....                    (no boots)
Stlth   ..........               (no amulet)
HPRegen 0.25/turn                j - ring of poison resistance
MPRegen 0.09/turn                p - +4 ring of evasion

@: mighty
A: horns 1, sturdy frame 1
a: no special abilities


You were on level 3 of the Dungeon.
You visited 1 branch of the dungeon, and saw 3 of its levels.

You collected 140 gold pieces.

Inventory:

Hand Weapons
 a - a +0 war axe (weapon)
Missiles
 k - 2 javelins (quivered)
Armour
 b - a +0 scale mail (worn)
 c - a +0 buckler (worn)
Jewellery
 j - a ring of poison resistance (left hand)
 p - a +4 ring of evasion (right hand)
 r - a ring of positive energy
Wands
 q - a wand of polymorph (5)
Scrolls
 g - a scroll of blinking {unknown}
 h - a scroll of teleportation {unknown}
 l - a scroll of enchant weapon {unknown}
 m - a scroll of amnesia {unknown}
 s - 2 scrolls of identify
Potions
 e - 2 potions of heal wounds
 f - 2 potions of berserk rage {unknown}
 i - a potion of brilliance {unknown}
 n - 2 potions of curing
 o - a potion of ambrosia {unknown}


   Skills:
 + Level 3.4 Fighting
 * Level 2.9 Axes
 + Level 3.2 Armour
 + Level 3.1 Shields


You had 3 spell levels left.
You didn't know any spells.
Your spell library was empty.

Dungeon Overview and Level Annotations

Branches:
Dungeon (3/15)

Altars:
Uskayaw

Shops:
D:3 *


Innate Abilities, Weirdness & Mutations

You have a pair of small horns on your head.
Your movements are slightly less encumbered by armour. (ER -2)


Message History

The adder is lightly wounded.
The adder bites you but does no damage.
You closely miss the adder. Your headbutt misses the adder.
The adder is lightly wounded.
The adder bites you but does no damage. The adder closely misses you.
You closely miss the adder.
The adder is lightly wounded.
The adder barely misses you. The adder bites you but does no damage.
You closely miss the adder.
The adder is lightly wounded.
The adder bites you but does no damage. The adder misses you.
You hit the adder.
The adder is heavily wounded.
The adder barely misses you. The adder bites you but does no damage.
You slash the adder!
You kill the adder!
No target in view!
s - 2 scrolls of identify You now have 140 gold pieces (gained 16).
An orc comes into view. It is wielding a +0 vorpal flail.
The orc shouts!
An orc priest comes into view. It is wielding a +0 dagger.
An orc comes into view. It is wielding a +0 club.
The orc priest shouts!
The orc shouts!
You hear a shout!
The orc priest mumbles some strange prayers to Beogh against you.
Beogh smites you!
An orc comes into view. It is wielding a +0 dagger.
There are monsters nearby!
You feel very mighty all of a sudden.
You hit the orc. Your headbutt misses the orc.
The orc is almost dead.
The orc hits you with a +0 vorpal flail.
You barely miss the orc.
The orc is severely wounded.
You block the orc's attack.
The orc priest mumbles some strange prayers to Beogh against you.
Beogh smites you!
* * * LOW HITPOINT WARNING * * *
The orc hits you with a +0 vorpal flail.
You die...

...........#
#......
#............#
#####..
#............#
###
#............#
#............#
#............#
#............#
#............#
#......@o....#
#########o####
#o#
#.........#
#.........#
#...o.....#
####.######
#o# #..


You could see 2 orcs.

Vanquished Creatures
  2 adders (D:3)
  A worm (D:3)
  An orc (D:3)
  An endoplasm (D:3)
  2 giant cockroaches
  10 goblins
  9 hobgoblins
  A jackal (D:2)
  3 quokkas
  6 ball pythons
  8 bats
  3 frilled lizards
  4 kobolds
  5 rats
56 creatures vanquished.

Notes
Turn   | Place    | Note
-------+----------+-------------------------------------------
     0 | D:1      | billz999 the Demonspawn Fighter began the quest for the
                  | Orb.
     0 | D:1      | Reached XP level 1. HP: 18/18 MP: 1/1
   214 | D:1      | Gained mutation: Your movements are slightly less
                  | encumbered by armour. (ER -2) [demonic ancestry]
   214 | D:1      | Reached XP level 2. HP: 20/24 MP: 2/2
  1126 | D:2      | Reached XP level 3. HP: 29/29 MP: 3/3
  1720 | D:3      | Found Limugi Mymio's Assorted Antiques.
  1955 | D:3      | Noticed a +0 short sword
  1955 | D:3      | Noticed a +0 spear
  1955 | D:3      | Noticed a +0 short sword
  1956 | D:3      | Noticed a +0 falchion
  1956 | D:3      | Noticed a +0 dagger
  1957 | D:3      | Noticed a +0 spear
  1958 | D:3      | Noticed a +0 falchion
  1958 | D:3      | Noticed a +0 dagger
  2003 | D:3      | Found a hide-covered altar of Uskayaw.
  2061 | D:3      | Gained mutation: You have a pair of small horns on your
                  | head. [demonic ancestry]
  2061 | D:3      | Reached XP level 4. HP: 35/35 MP: 4/4
  2193 | D:3      | Slain by an orc

Illustrated notes

Levels and vault maps discovered:
D:1:      ncdulo_watergridlock, layout_loops_corners, minmay_misc_feat_doors
D:2:      minmay_wonky_spiral, layout_basic, chequers_serial_rivers_room_a
D:3:      layout_basic, nicolae_uskayaw_en_pointe, serial_shops,
          nicolae_shop_hallway_stairs, feat_on_display

Skill      XL: |  1  2  3 |
---------------+----------+-----
Axes           | 2 |  2.9
Armour         | 3 |  3.2
Shields        | 3 |  3.1
Fighting       | |  3.4

Action                   |  1- 3 |  4- 6 || total
-------------------------+-------+-------++-------
Melee: War axe           |   150 |    14 ||   164
       Headbutt          |       |     3 ||     3
  Use: Scroll            |     2 |       ||     2
       Potion            |       |     1 ||     1
Armor: Scale mail        |    71 |     9 ||    80
Dodge: Dodged            |    70 |     5 ||    75
Block: Buckler           |    24 |     2 ||    26

Table legend: (Time is in decaauts)
 A = Elapsed time spent in this place.
 B = Non-inter-level travel time spent in this place.
 C = Inter-level travel time spent in this place.
 D = Time resting spent in this place.
 E = Time spent auto-exploring this place.
 F = Levels seen in this place.
 G = Mean time per level.
                   A        B        C        D        E       F      G
               +--------+--------+--------+--------+--------+-----+--------+
         Total |   2261 |   2230 |     31 |      0 |   1800 |   3 |  753.7 |
       Dungeon |   2261 |   2230 |     31 |      0 |   1800 |   3 |  753.7 |
               +--------+--------+--------+--------+--------+-----+--------+

Top non-repeatable levels by time:
     D:1: 938 daAuts
     D:2: 831 daAuts
     D:3: 491 daAuts
